 Dungeon Crawl Stone Soup version 0.22-a0-135-g6f012ad (webtiles) character file.

502 Klosterheim the Poker (level 7, -5/52 HPs)
             Began as a Merfolk Skald on Jan 31, 2018.
             Shot with an arrow by a centaur (9 damage)
             ... on level 4 of the Dungeon.
             The game lasted 00:13:00 (5025 turns).

Klosterheim the Poker (Merfolk Skald)               Turns: 5025, Time: 00:13:01

Health: -5/52      AC:  6    Str: 14    XL:     7   Next: 17%
Magic:  11/11      EV: 13    Int: 15    God:
Gold:   164        SH:  0    Dex: 15    Spells: 1/11 levels left

rFire    + . .     SeeInvis .   a - +1 spear
rCold    + . .     Gourm    .   (no shield)
rNeg     . . .     Faith    .   l - +2 robe {rC+ rF+}
rPois    .         Spirit   .   (no helmet)
rElec    .         Reflect  .   (no cloak)
rCorr    .         Harm     .   f - +1 pair of gloves {Str+3}
MR       .....                  (no boots)
Stlth    +.........             (no amulet)
HPRegen  0.17/turn              e - +2 ring of dexterity
MPRegen  0.12/turn              (no ring)

@: infused, flying, hasted, very quick
A: change form in water, swift swim, stealthy swim
a: no special abilities


You were on level 4 of the Dungeon.
You were not hungry.

You visited 1 branch of the dungeon, and saw 4 of its levels.

You collected 164 gold pieces.

Inventory:

Hand Weapons
 a - a +1 spear (weapon)
Armour
 f - a +1 pair of gloves of strength (worn)
 i - a +1 scale mail
 l - a +2 robe of resistance (worn)
Jewellery
 e - a +2 ring of dexterity (left hand)
Wands
 o - a wand of random effects (15)
 s - a wand of flame (25)
Scrolls
 r - a scroll of amnesia {unknown}
Potions
 b - a potion of mutation
 h - a potion of flight
 j - a potion of invisibility {unknown}
 k - 2 potions of haste
 m - a potion of lignification
 q - 3 potions of curing {unknown}
Books
 c - a book of Battle

   Spells                             Type                      Level
   a - Infusion                       Charms                       1
   b - Shroud of Golubria             Charms/Translocation         2
   c - Song of Slaying                Charms                       2
   d - Spectral Weapon                Hexes/Charms                 3
   e - Regeneration                   Charms/Necromancy            3
 p - a book of Cantrips

   Spells                             Type                      Level
   a - Confusing Touch                Hexes                        1
   b - Animate Skeleton               Necromancy                   1
   c - Summon Small Mammal            Summoning                    1
   d - Apportation                    Translocation                1
Comestibles
 d - 17 rations
 g - 3 chunks of flesh


   Skills:
 + Level 3.1 Fighting
 * Level 6.8 Polearms
 + Level 1.9 Armour
 + Level 3.3 Dodging
 + Level 2.7 Spellcasting
 * Level 1.9 Hexes
 * Level 4.9 Charms


You had one spell level left.
You knew the following spells:

 Your Spells              Type           Power        Failure   Level  Hunger
a - Infusion              Chrm           ###.         2%          1    #......
b - Song of Slaying       Chrm           ###.....     4%          2    ##.....
c - Spectral Weapon       Hex/Chrm       ##......     16%         3    ###....
d - Apportation           Tloc           #.....       21%         1    #......
e - Animate Skeleton      Necr           N/A          21%         1    #......
f - Shroud of Golubria    Chrm/Tloc      #.........   12%         2    ##.....


Dungeon Overview and Level Annotations

Branches:
Dungeon (4/15)
 Temple: D:4-7

Altars:
Sif Muna

Shops:
D:4 (


Message History

* * * LOW HITPOINT WARNING * * *
You see here 2 arrows.
You feel yourself speed up.
The centaur shoots an arrow.
The arrow completely misses you.
It was a potion of flight.
You feel very buoyant.
You fly up into the air.
The centaur shoots an arrow.
The arrow barely misses you.
As you read the scroll labeled BAYDUA SEODENT, it crumbles to dust.
It is a scroll of enchant weapon.
Your +0 spear glows red for a moment.
The centaur shoots an arrow.
The arrow barely misses you.
The centaur shoots an arrow.
The arrow misses you.
You see here an arrow.
The centaur shoots an arrow.
The arrow barely misses you.
The centaur shoots an arrow.
The arrow hits you!
* * * LOW HITPOINT WARNING * * *
You see here an arrow.
The centaur shoots an arrow.
The arrow hits you!
You die...

.#
#...#(##..#####
##
####...#c##......
..........#....#
.....##.#.#....#
.....
#........####
.....
#.∩.#........
#........>...
#.#.(.......
######.##@.......
#......##(#.##...
#......##...# ..
#......###..#....
#.....c.((.>.o#
#.....(######.#
#...c..# ##
####o###
######### #.#
#........


You could see a centaur.

Vanquished Creatures
  An ogre (D:4)
  Blork the orc (D:4)
  A crimson imp (D:3)
  A hound (D:4)
  A bullfrog skeleton (D:4)
  An iguana (D:4)
  2 worker ants (D:4)
  Terence (D:2)
  4 adders
  3 gnolls
  3 worms (D:3)
  2 dart slugs
  2 leopard geckos (D:2)
  7 orcs
  3 giant cockroaches
  11 hobgoblins
  3 jackals (D:4)
  8 kobolds
  2 quokkas
  A ball python (D:2)
  5 bats
  5 frilled lizards
  5 goblins
  A leopard gecko skeleton (D:4)
  8 rats
82 creatures vanquished.

Notes
Turn   | Place    | Note
-------+----------+-------------------------------------------
     0 | D:1      | Klosterheim the Merfolk Skald began the quest for the Orb.
     0 | D:1      | Reached XP level 1. HP: 16/16 MP: 3/3
   113 | D:1      | Reached XP level 2. HP: 2/22 MP: 3/5
   486 | D:1      | Learned a level 2 spell: Song of Slaying
  1069 | D:2      | Reached XP level 3. HP: 28/28 MP: 6/6
  1543 | D:2      | Noticed Terence
  1571 | D:2      | Killed Terence
  1571 | D:2      | Reached skill level 4 in Polearms
  1571 | D:2      | Reached XP level 4. HP: 14/34 MP: 0/7
  1963 | D:2      | Learned a level 3 spell: Spectral Weapon
  2337 | D:3      | Reached skill level 1 in Armour
  2784 | D:3      | Reached XP level 5. HP: 40/40 MP: 5/8
  3255 | D:3      | Learned a level 1 spell: Apportation
  3257 | D:3      | Learned a level 1 spell: Animate Skeleton
  3534 | D:4      | Reached skill level 1 in Hexes
  3546 | D:4      | Reached skill level 5 in Polearms
  3664 | D:4      | Found Kazi's Antique Weapon Boutique.
  3666 | D:4      | Noticed a centaur
  3827 | D:4      | Reached XP level 6. HP: 33/46 MP: 9/9
  4325 | D:4      | Reached skill level 6 in Polearms
  4338 | D:4      | HP: 2/47 [ogre/giant club (14)]
  4353 | D:4      | Found a deep blue altar of Sif Muna.
  4654 | D:4      | Reached XP level 7. HP: 43/52 MP: 3/11
  4708 | D:4      | Learned a level 2 spell: Shroud of Golubria
  4816 | D:4      | Noticed Blork the orc
  4831 | D:4      | Killed Blork the orc
  5025 | D:4      | Shot with an arrow by a centaur

Vault maps used:
D:1:      dpeg_arrival_houses_and_road
D:2:      uniq_terence
D:3:      first_ration
D:4:      serial_shops, nicolae_shop_stone, shop, lemuel_tele_altar,
          uniq_blork_the_orc

Skill      XL: |  1  2  3  4  5  6 |
---------------+-------------------+-----
Charms         | 4 |  4.9
Polearms       | 4 5 6 |  6.8
Armour         | 1 |  1.9
Dodging        | 3 |  3.3
Hexes          | 1 |  1.9
Fighting       | 3 |  3.1
Spellcasting   | |  2.7

Action                   |  1- 3 |  4- 6 |  7- 9 || total
-------------------------+-------+-------+-------++-------
Melee: Spear             |   169 |   345 |    13 ||   527
 Cast: Infusion          |     4 |     7 |     2 ||    13
       Song of Slaying   |     4 |    11 |       ||    15
       Spectral Weapon   |       |       |     1 ||     1
  Use: Scroll            |     3 |     6 |     1 ||    10
       Potion            |       |     1 |     2 ||     3
  Eat: Chunk             |     2 |    11 |     2 ||    15
Armor: Leather armour    |     6 |       |       ||     6
       Scale mail        |    53 |   120 |     5 ||   178
Dodge: Dodged            |    68 |   153 |     8 ||   229

Table legend:
 A = Spawn XP
 B = Non-spawn XP
 C = Spawn XP percentage of total XP
 D = Spawn monster count
 E = Non-spawn monster count
 F = Spawn count percentage of total count
 G = Total turns spent on level
                    A         B        C        D         E        F      G
               +---------+---------+-------+---------+---------+-------+---------
         Total |       0 |     718 |   0.0 |       0 |      82 |   0.0 |  5025
               +---------+---------+-------+---------+---------+-------+---------
           D:1 |       0 |      29 |   0.0 |       0 |      17 |   0.0 |   978
           D:2 |       0 |      85 |   0.0 |       0 |      25 |   0.0 |  1717
           D:3 |       0 |     149 |   0.0 |       0 |      21 |   0.0 |  1404
           D:4 |       0 |     455 |   0.0 |       0 |      19 |   0.0 |   926
               +---------+---------+-------+---------+---------+-------+---------
